Cogmind - Beta 13 *** ADVENTURER MODE // 2024.04.08 @ 00:46:05 Player: Vulder Result: Destroyed by D-53 Grenadier with Mini Grenade Launcher Performance ------------- Evolutions (0) 0 Regions Visited (2) 400 Robots Destroyed (25) 125 Value Destroyed (328) 328 Prototype IDs (0) 0 Alien Tech Used (0) 0 Bonus (0) 0 TOTAL SCORE: 853 Bonus ------- None Cogmind --------- Core Integrity 0/250 Matter 227/300 Energy 100/100 System Corruption 0% Temperature Cool (0) Movement Core (700) Ox13 Location -10/Mines Parts ------- > --- POWER (1) -------- (None) > --- PROPULSION (2) --- (None) > --- UTILITY (2) ------ High-capacity Storage Unit Sensor Array > --- WEAPON (2) ------- Light Assault Rifle > --- INVENTORY (20) --- Light Ion Engine Medium Matter Pod (0) Large Matter Pod (0) Sensor Array Tractor Beam Light Assault Rifle Light Assault Rifle Datajack Datajack Peak State ------------ > --- POWER ------------ Light Ion Engine > --- PROPULSION ------- Wheel Wheel > --- UTILITY ---------- High-capacity Storage Unit Medium Matter Pod > --- WEAPON ----------- Small Laser Light Assault Rifle > --- INVENTORY -------- Light Ion Engine Sensor Array Sensor Array Sensor Array Tractor Beam Light Assault Rifle Light Assault Rifle Grenade Launcher Datajack Datajack [Rating: 8] Favorites ----------- Power Light Ion Engine Engine Light Ion Engine Propulsion Wheel Leg Aluminum Leg Wheel Wheel Utility High-capacity Storage Unit Device Sensor Array Storage High-capacity Storage Unit Weapon Grenade Launcher Energy Gun Medium Laser Ballistic Gun Light Assault Rifle Launcher Grenade Launcher Build | -11 -10 -10 ------- Run | Yrd Mat Min Slots Evolved . | . . . Power . | . . . Propulsion . | . . . Utility . | . . . Weapon . | . . . Parts Attached 23 | 5 9 9 Power 5 | 1 2 2 Engine 5 | 1 2 2 Core . | . . . Reactor . | . . . Propulsion 4 | 2 2 . Treads . | . . . Leg 2 | 2 . . Wheel 2 | . 2 . Hover . | . . . Flight . | . . . Utility 3 | . 2 1 Device 1 | . . 1 Storage 2 | . 2 . Processor . | . . . Hackware . | . . . Protection . | . . . Artifact . | . . . Weapon 11 | 2 3 6 Energy Gun 4 | 2 1 1 Energy Cannon . | . . . Ballistic Gun 3 | . 1 2 Ballistic Cannon . | . . . Launcher 4 | . 1 3 Special Weapon . | . . . Impact Weapon . | . . . Slashing Weapon . | . . . Piercing Weapon . | . . . Special Melee Weapon . | . . . Unidentified Prototypes . | . . . Parts Lost 5 | . . 5 Power 1 | . . 1 Propulsion 2 | . . 2 Utility . | . . . Weapon 2 | . . 2 Highest Loss Streak 5 | . . 5 To Critical Strikes . | . . . Average Slot Usage (%) 93 | . 92 97 Engine 11 | . 10 12 Leg 9 | . 13 . Wheel 18 | . 14 27 Device 3 | . . 10 Storage 21 | . 24 17 Energy Gun 4 | . 5 2 Ballistic Gun 10 | . 9 14 Launcher 12 | . 13 10 Naked Turns . | . . . Heaviest Build 50 | 6 50 49 Greatest Support 20 | 20 20 20 Greatest Overweight (x) 4 | . 2 4 Average Overweight (x) 1 | . 1 2 Largest Inventory Capacity 20 | 5 20 20 Average Capacity 16 | 5 17 20 Most Carried 12 | 4 9 12 Average Carried 5 | 2 5 9 Final Capacity 20 | 5 20 20 Final Carried 9 | 3 9 9 Class Distribution -------------------- 100% | Mutant Dominant Class ---------------- Mutant | -10/Materials Mutant | -10/Mines Resources | -11 -10 -10 ----------- Run | Yrd Mat Min Matter Collected 526 | 250 205 71 Remotely . | . . . Salvage Created 377 | 71 204 102 Parts 36 | . 28 8 Haulers Intercepted . | . . . Recyclers Shooed . | . . . Parts Field Recycled . | . . . Retrieved Matter . | . . . Parts Self-Destructed . | . . . Prevented . | . . . Kills | -11 -10 -10 ------- Run | Yrd Mat Min Combat Hostiles Destroyed 10 | 1 6 3 Guns 4 | 1 . 3 AOE 5 | . 5 . Classes Destroyed 7 | 3 3 1 Worker 4 | 1 3 . Builder 4 | . 4 . Tunneler 3 | 1 . 2 Recycler 1 | . . 1 Watcher 3 | . 3 . Swarmer 6 | . 3 3 Grunt 4 | 1 3 . Best Kill Streak 6 | 1 6 3 Combat Bots Only 3 | 1 3 3 Max Kills in Single Turn 3 | 1 3 1 Gunslinging . | . . . Exploded 2 | . 2 . Melee . | . . . Uniques/NPCs Destroyed . | . . . Combat | -11 -10 -10 -------- Run | Yrd Mat Min Hostile Shots Fired 70 | 8 16 46 Missed 10 | 2 3 5 Damage Taken 961 | 51 223 687 Core 286 | . 23 263 Absorbed by Shields . | . . . Ignored by Resistances 281 | 18 68 195 Regen/Repaired (Parts) 11 | . 11 . Core Remaining (%) 100 | 100 . . Volleys Fired 51 | 12 20 19 Largest 2 | 2 2 2 Hottest 90 | 90 80 60 Shots Fired 91 | 24 32 35 Gun 74 | 24 20 30 Cannon . | . . . Launcher 17 | . 12 5 Special . | . . . Kinetic 27 | . 8 19 Thermal 47 | 24 12 11 Explosive 17 | . 12 5 Electromagnetic . | . . . Robot Hit Streak 14 | 10 14 13 Robot Miss Streak 3 | 3 1 3 Penetration Max . | . . . Secondary Targets 2 | . . 2 Max Gunslinging Chain 1 | . . 1 Shots Hit Robots 68 | 17 26 25 Core Hits 32 | 4 19 9 Critical Kills . | . . . Critical Parts Destroyed . | . . . Critical Strikes 1 | 1 . . Burn 1 | 1 . . Melee Attacks . | . . . Impact . | . . . Slashing . | . . . Piercing . | . . . Sneak Attacks . | . . . Combat Hostiles . | . . . Follow-up Attacks . | . . . Damage Inflicted 1530 | 199 887 444 Guns 543 | 199 163 181 Cannons . | . . . Explosions 978 | . 724 254 Melee . | . . . Ramming 9 | . . 9 Kinetic 142 | . 41 101 Thermal 493 | 199 214 80 Explosive 886 | . 632 254 Electromagnetic . | . . . Impact . | . . . Slashing . | . . . Piercing . | . . . Highest Corruption . | . . . Average Corruption . | . . . Corruption Purged . | . . . Corruption Blocked . | . . . Overload Shots . | . . . Overflow Damage . | . . . Projectiles . | . . . Explosions . | . . . Melee . | . . . Knockbacks . | . . . Impact . | . . . Kinetic . | . . . Secondary . | . . . Self-Inflicted Damage 150 | . 123 27 Shots 7 | . 5 2 Rammed 1 | . . 1 Targets Rammed 1 | . . 1 Kicked . | . . . Crushed . | . . . Highest Temperature 246 | 246 110 40 Average Temperature 67 | 130 35 16 Received Heat Transfer 99 | 36 63 . Siege Activations . | . . . Robots Corrupted . | . . . Combat Hostiles . | . . . Parts Fried . | . . . Impact Corruptions . | . . . Robots Melted 1 | . 1 . Combat Hostiles 1 | . 1 . Parts Melted 6 | 4 2 . Heat Transferred 1252 | 607 470 175 Parts Sabotaged . | . . . Parts Stolen . | . . . Parts Stripped . | . . . Power Chain Reactions . | . . . Alert | -11 -10 -10 ------- Run | Yrd Mat Min Peak Influence 304 | 30 304 144 Initial 50 | . 16 50 Average 105 | 6 118 121 Maximum Alert Level 1 | . 1 . Low Security (%) 91 | 100 84 100 Level 1 8 | . 15 . Level 2 . | . . . Level 3 . | . . . Level 4 . | . . . Level 5 . | . . . High Security . | . . . Max Security . | . . . Squads Dispatched 1 | . 1 . Investigation 1 | . 1 . Extermination . | . . . Reinforcement . | . . . Assault . | . . . Garrison . | . . . Intercept . | . . . Searches Triggered . | . . . Construction Impeded . | . . . Haulers Reinforced . | . . . Active Scanning Responses . | . . . Cargo Convoy Interrupts . | . . . Stealth | -11 -10 -10 --------- Run | Yrd Mat Min Distress Signals . | . . . Communications Jammed . | . . . Distress Signals . | . . . Times Spotted 15 | 1 9 5 Peak Tracking Total 3 | 1 3 3 Tactical Retreats . | . . . Traps | -11 -10 -10 ------- Run | Yrd Mat Min Traps Triggered . | . . . Indirectly . | . . . Trap Hack Attempts . | . . . Triggered . | . . . Disarmed . | . . . Reprogrammed . | . . . Reused . | . . . Traps Extracted . | . . . Installed . | . . . Triggered . | . . . Machines | -11 -10 -10 ---------- Run | Yrd Mat Min Machines Disabled 2 | . 2 . Max in Single Turn 2 | . 2 . Machines Repaired . | . . . Machines Dismantled . | . . . Machines Sabotaged . | . . . Overloaded Fab Kills . | . . . Hacking | -11 -10 -10 --------- Run | Yrd Mat Min Machines Accessed 4 | . 4 . Terminals 3 | . 3 . Fabricators . | . . . Repair Stations 1 | . 1 . Recycling Units . | . . . Scanalyzers . | . . . Garrison Access . | . . . Total Hacks 19 | . 19 . Successful 10 | . 10 . Failed 9 | . 9 . Catastrophic 1 | . 1 . Database Lockouts . | . . . Manual . | . . . Terminals 15 | . 15 . Fabricators . | . . . Repair Stations 4 | . 4 . Recycling Units . | . . . Scanalyzers . | . . . Garrison Access . | . . . Terminal Hacks 8 | . 8 . Record 5 | . 5 . Emergency Access Points 1 | . 1 . Locate Traps 1 | . 1 . Patrol Status 1 | . 1 . Fabricator Hacks . | . . . Repair Station Hacks 2 | . 2 . Scan Component 1 | . 1 . Repair 1 | . 1 . Recycling Unit Hacks . | . . . Scanalyzer . | . . . Garrison Access Hacks . | . . . Unauthorized Hacks . | . . . Terminals . | . . . Fabricators . | . . . Repair Stations . | . . . Recycling Units . | . . . Scanalyzers . | . . . Garrison Access . | . . . Data Cores Recovered . | . . . Used . | . . . Hacking Detections 3 | . 3 . Full Trace Events 2 | . 2 . Feedback Events . | . . . Feedback Blocked . | . . . Robot Schematics Acquired . | . . . Robots Built . | . . . Authchips . | . . . Time . | . . . Total Robot Build Rating . | . . . Part Schematics Acquired . | . . . Parts Built . | . . . Authchips . | . . . Time . | . . . Total Part Build Rating . | . . . Parts Repaired 1 | . 1 . Time 26 | . 26 . Parts Recycled . | . . . Recycled Matter . | . . . Retrieved Matter . | . . . Retrieved Components . | . . . Parts Scanalyzed . | . . . Part Schematics Acquired . | . . . Parts Damaged . | . . . Bothacking | -11 -10 -10 ------------ Run | Yrd Mat Min Used RIF Installer . | . . . Robots Hacked . | . . . Non-combat . | . . . Combat . | . . . Robot Hacks Applied . | . . . Relay Couplers Released . | . . . Fabnet Peak Effective % . | . . . Robots Rewired . | . . . Allies Hacked . | . . . Hacks Repelled . | . . . Allies | -11 -10 -10 -------- Run | Yrd Mat Min Total Allies . | . . . Largest Group . | . . . Highest-Rated Group . | . . . Highest-Rated Ally . | . . . Total Orders . | . . . Ally Attacks . | . . . Total Damage . | . . . Kills . | . . . Allies Corrupted . | . . . Allies Melted . | . . . Intel | -11 -10 -10 ------- Run | Yrd Mat Min Robot Analysis Total . | . . . Derelict Logs Recovered . | . . . Drone Launches . | . . . Drone Recoveries . | . . . Exploration | -11 -10 -10 ------------- Run | Yrd Mat Min Turns Passed 1090 | 143 641 306 Spaces Moved 701 | 91 400 210 Core 24 | 24 . . Treads . | . . . Legs 213 | 67 146 . Wheels 464 | . 254 210 Hover . | . . . Flight . | . . . Fastest Speed 50 | 50 110 110 Average Speed 122 | 101 133 110 Slowest Speed 260 | 120 260 140 Overloaded Moves . | . . . Propulsion Burnouts . | . . . Robots Hopped . | . . . Cave-ins Triggered . | . . . Exploration Rate (%) 36 | 8 63 39 Regions Visited 2 Branch Regions 1 Pre-discovered Areas . | . . . Known Exits Taken . | . . . Unknown Exits Taken 2 | 1 1 . Scrap Searched 1 | . . 1 Spaces Dug . | . . . Terrain Destroyed 117 | . 89 28 Melee . | . . . Projectile . | . . . AOE 117 | . 89 28 Terrain Rammed . | . . . Walls Destroyed . | . . . Machines Disabled . | . . . Actions | -11 -10 -10 --------- Run | Yrd Mat Min Total 850 | 117 478 255 Wait 32 | 2 28 2 Move 699 | 90 399 210 Hop . | . . . Pick Up 29 | 8 14 7 Fast Attach . | . . . Attach 16 | 5 5 6 Detach 4 | . 2 2 Swap 7 | . 4 3 Drop 11 | . 6 5 Fire 51 | 12 20 19 Melee . | . . . Ram 1 | . . 1 Kick . | . . . Crush . | . . . Escape Stasis . | . . . Rewire . | . . . Trap . | . . . Miscellaneous . | . . . Route ------- -11/Scrapyard -10/Materials (discovered 2 exits: [*Mat] / [*Min]) -10/Mines (discovered 1 exit: [*Sub]) History --------- Turn | Location | Event 2 | -11/Scrapyard | Met Revision 17 89 | -11/Scrapyard | Discovered new exit (range 8) 144 | -11/Scrapyard | Entered Materials 301 | -10/Materials | Build established: Mutant 654 | -10/Materials | Repaired Lgt. Ion Engine 668 | -10/Materials | Discovered new exit (range 16) 766 | -10/Materials | Discovered new exit (range 11) 785 | -10/Materials | Entered Mines 892 | -10/Mines | Assembled infested the area 896 | -10/Mines | Received a Rocket Launcher from a helpful Derelict 993 | -10/Mines | Discovered new exit (range 9) 1080 | -10/Mines | Core integrity fell below 50% 1085 | -10/Mines | Core integrity fell below 20% 1091 | -10/Mines | Destroyed by D-53 Grenadier with Mini Grenade Launcher Last Messages --------------- Slammed into R-06 Scavenger. T-07 Excavator is excavating. T-07 Excavator destroyed. U-05 Engineer lays Concrete. U-05 Engineer builds a Wall. T-07 Excavator destroyed. EXIT=FOUND Acquired 6 matter. Acquired Imp. Terrain Scanner. Dropped Imp. Terrain Scanner. Grenade Launcher destroyed. The unstable cave ceiling collapses. Wheel destroyed. Lgt. Ion Engine destroyed. The unstable cave ceiling collapses. R-06 Scavenger destroyed. The unstable cave ceiling collapses. Rocket Launcher destroyed. The unstable cave ceiling collapses. Wheel destroyed. Map ----- +----------------------------------------------------+ | ????????????????????????????????????????????## ## | | ????????????????????????????????????????????# | | ????????????????????????????????????????????# | | ????????????????????????????????????????????# | | ????????????????????????????????????????????## | | ?????????????????????????????????????????????## # | | ??????????????????????????????????????????????# # | | ??????????????????????????????????????????????# # | | ??????????????????????????????????????????????# # | | ??????????????????????????????????????????????# # | | ??????????????????????????????????????????????# # | | ??????????????????????????????????????????????# # | | ??????????????????????????????????????????????# | | ??????????????????????????????????????????????# | | ??????????????????????????????????????????????# | | ??????????????????????????????????####???????## | | ????????????????????????????????## ##?????## | | ????????????????????????????????# #????## | | ??????????????????????####??????# #????# | | ?????????????????????## ##?????# #?????# | | ????????????????????## #????## #??????# ## | | ???????##??????????## ###### #??????###### | | ???????? ??????### #??????????## | | ????????## ##?## ### ##?????????## | | ????????# # #??####?????????## | | ????????# # @ #???????????????# | | ????? ##?????????####### | | ????? [%d #??????????# | | ????????# d #??????????# ####### | | ????????# ####??????????# ####??# | | ????????# #?????????##### #?## | | ????????# # # #?????????# ## ### | | ???????# # # #?????????# ## | | ???????# ?##### #?????????# ########## | | ???????# #?????# ###?????????# #????????# | | ???????? #??????# #?####??????# #####????# | | ???????? # #???????# ### ##?????# #????# | | ??????????###????????# ##????# """ ##???### | | ?????????????????????#### ###?## """ ##????? | | ????????????????????????## ### """ ##???? | | ?????????????????????????# | | ?????????????????????????## ## | | ??????????????????????????#### ##?# #### ? | | ?????????????????????????????## #???###????? | | ??????????????????????????????# ##??????????? | | ??????????????????????????????# = ##???????????? | | ??????????????????????????????# ! #????????????? | | ?????????????????????????????# #????????????? | | ?????????????????????????????# #????????????? | | ?????????????????????????????# #???????????? | +----------------------------------------------------+ Best States ------------- Heat Dissipation 25 Energy Generation 10 Energy Capacity 125 Matter Stores 400 Matter Capacity 400 Sight Range 16 Robot Scan Range 14 Terrain Scan Density 10 Resistance: KI 20 Resistance: TH 20 Resistance: EX 20 Resistance: EM 20 Resistance: I 20 Resistance: S 20 Resistance: P 20 Evasion (%) 55 Offensive Hacking 10 Item Schematics ----------------- None Robot Schematics ------------------ None Fabricated ------------ Nothing Alien Tech Used ----------------- None Achievements -------------- It's Just You Challenges ------------ None Game ------ Seed SkeletonSupersonicTorch Manual? 0 Play Time 00:19:03 Cumulative 2.5 hours Start 2024.04.08 @ 00:26:28 End 2024.04.08 @ 00:46:05 Sessions 1 Manual Loads 0 Difficulty Adventurer Special Mode None Game No. 2 Rogue 0 Adventurer 2 Explorer 0 Win Type - Total 0 Types 0/0/0/0/0/0/0/0/0 Lore% 1 Gallery% 6 Achievement% 8 Wizard Run 0 Options --------- Layout 1 ASCII 0 Keyboard 0 Movement Numpad Keybinds 0 Fullscreen 1 Font 24/Smallcaps Map View 50x35 Zoom Use 0% Tactical HUD 0 Map Filters NONE Filters NONE Steam 1 RUN: 84251b51-bccb-4ca4-aa1b-df08ea6adf2c